[Event "Titled Tuesday Blitz December 13 Early 2022"]
[White "Stanisz, Patryk"]
[Black "Jakubowska, Anna"]
[WhiteFideId "1123106"]
[BlackFideId "1121952"]
[WhiteElo "2069"]
[BlackElo "2001"]
[Result "0-1"]
[Round "05"]
[TimeControl "180+1"]
[Date "2022.12.14"]
[WhiteClock "0:00:03"]
[BlackClock "0:00:05"]

1. e4 Nf6 2. Nc3 d5 3. exd5 Nxd5 4. Nf3 Nxc3 5. bxc3 Bg4 6. d4 e6 7. h3 Bh5 8. Be2 Be7 9. O-O O-O 10. c4 c5 11. c3 Bf6 12. Be3 Nd7 13. Rb1 Qc7 14. Qb3 b6 15. Rfd1 Rac8 16. Rbc1 Rfd8 17. Qc2 Bg6 18. Bd3 cxd4 19. cxd4 e5 20. Bxg6 hxg6 21. dxe5 Nxe5 22. Nxe5 Bxe5 23. Rxd8+ Rxd8 24. c5 Bd4 25. Bxd4 Rxd4 26. cxb6 Qxb6 27. Rb1 Qf6 28. Qe2 Qf4 29. Rd1 Re4 30. Qd2 Qe5 31. Qd8+ Kh7 32. g3 g5 33. Qd3 g6 34. Kg2 Re2 35. a3 Qe6 36. Qf3 Re5 37. Rd3 Rf5 38. Qe3 Qc6+ 39. Kh2 Qc2 40. Rd2 Qc6 41. g4 Qc7+ 42. Kg2 Rf4 43. f3 Qc6 44. Re2 Qf6 45. Kg3 Rc4 46. Kg2 Rc3 47. Qf2 Qf4 48. Re4 Qf6 49. a4 Rb3 50. Re2 Ra3 51. Qe3 Rxe3 0-1


[Site "https://www.chess.com"]

[Event "Titled Tuesday Blitz December 13 Early 2022"]
[White "Stijve, Theo"]
[Black "Tsatsalashvili, Keti"]
[WhiteFideId "1331132"]
[BlackFideId "13603434"]
[WhiteElo "2256"]
[BlackElo "2220"]
[Result "0-1"]
[Round "05"]
[TimeControl "180+1"]
[Date "2022.12.14"]
[WhiteClock "0:00:14"]
[BlackClock "0:00:09"]

1. e4 c5 2. Nf3 d6 3. d4 cxd4 4. Nxd4 Nf6 5. Nc3 Nc6 6. f3 e5 7. Nb3 Be6 8. Bg5 Be7 9. Qd2 h6 10. Bxf6 Bxf6 11. g3 Bg5 12. Qe2 h5 13. h4 Bh6 14. Bh3 Qb6 15. Rd1 Rd8 16. Nd5 Bxd5 17. Rxd5 Ne7 18. Qb5+ Qc6 19. Na5 Qxb5 20. Rxb5 b6 21. Nc4 Nc6 22. c3 Ke7 23. Ke2 g5 24. hxg5 Bxg5 25. a4 h4 26. g4 Ke6 27. a5 bxa5 28. Nxa5 Ne7 29. Ra1 Ng6 30. Kf1 Nf4 31. Bg2 h3 32. Bh1 Rb8 33. Rxb8 Rxb8 34. b4 d5 35. Nc6 Rc8 36. b5 d4 37. cxd4 exd4 38. Nxd4+ Kf6 39. Nc6 Nd3 40. Rxa7 Be3 41. e5+ Kg7 42. Ke2 Bxa7 43. Nxa7 Rd8 44. Nc6 Rd7 45. b6 Nc5 46. Na5 Rd5 47. f4 Rd4 48. b7 Nxb7 49. Nxb7 Rxf4 50. Nd6 Rxg4 51. Nf5+ Kf8 52. Ne3 Rg1 53. Bf3 h2 54. Kd3 h1=Q 55. Bxh1 Rxh1 56. Ke4 Rh5 57. Nd5 Kg7 58. Nf6 Rg5 59. Nd5 Rg6 60. Ne7 Re6 61. Nf5+ Kf8 62. Nd4 Ra6 63. Kd5 Ra4 64. Nf5 Ra5+ 65. Ke4 Ke8 66. Nd6+ Ke7 67. Nc4 Ra4 68. Kd5 Rb4 69. Nd6 Rb1 70. Nf5+ Ke8 71. Nd6+ Kf8 72. Ne4 Re1 73. Nc5 Ke7 74. Ne4 Rd1+ 75. Kc4 Ke6 76. Ng5+ Kxe5 77. Nxf7+ Kf6 78. Nh6 Rg1 79. Kd5 Rg6 0-1


[Site "https://www.chess.com"]

[Event "Titled Tuesday Blitz December 13 Early 2022"]
[White "Svane, Rasmus"]
[Black "Korchmar, Vasiliy"]
[WhiteFideId "4657101"]
[BlackFideId "24131750"]
[WhiteElo "2674"]
[BlackElo "2370"]
[Result "1-0"]
[Round "05"]
[TimeControl "180+1"]
[Date "2022.12.13"]
[WhiteClock "0:00:52"]
[BlackClock "0:00:25"]

1. Nf3 d5 2. g3 g6 3. Bg2 Bg7 4. d4 Nf6 5. O-O O-O 6. c4 c6 7. Qb3 a5 8. Rd1 a4 9. Qb4 dxc4 10. Qxc4 b5 11. Qb4 Na6 12. Qe1 Bf5 13. a3 Rc8 14. Nc3 Nd5 15. e4 Nxc3 16. bxc3 Be6 17. Bf4 Bb3 18. Rd2 Nc7 19. h4 Ne6 20. Be3 Qa5 21. Rc1 c5 22. d5 Nd8 23. e5 e6 24. d6 Bd5 25. Bf4 Qa8 26. Qe2 Nc6 27. Ne1 Bxg2 28. Nxg2 Na5 29. Rdd1 Nc4 30. Ra1 h6 31. Ne1 g5 32. hxg5 hxg5 33. Bxg5 Nxe5 34. d7 Rb8 35. d8=Q Rbxd8 36. Rxd8 Rxd8 37. Bxd8 Qxd8 38. Qxb5 Qd2 39. Qxa4 Ng4 40. Qxg4 1-0


[Site "https://www.chess.com"]

[Event "Titled Tuesday Blitz December 13 Early 2022"]
[White "Szpar, Milosz"]
[Black "Steinberg, Nitzan"]
[WhiteFideId "1184989"]
[BlackFideId "2801795"]
[WhiteElo "2455"]
[BlackElo "2491"]
[Result "0-1"]
[Round "05"]
[TimeControl "180+1"]
[Date "2022.12.13"]
[WhiteClock "0:00:02"]
[BlackClock "0:00:07"]

1. e4 c5 2. c3 Nf6 3. e5 Nd5 4. Nf3 d6 5. exd6 e6 6. g3 Bxd6 7. Bg2 O-O 8. O-O Nc6 9. d4 cxd4 10. Nxd4 Bd7 11. c4 Nde7 12. Nb5 Bb8 13. N1c3 Nf5 14. Ne4 Ne5 15. Nc5 Bc6 16. Nxb7 Qb6 17. Bxc6 Nxc6 18. g4 Qxb7 19. gxf5 Ne5 20. f3 Nxc4 21. Qb3 Na5 22. Qa4 Qb6+ 23. Kh1 exf5 24. Nc3 Qd6 25. Qh4 Nc6 26. Rg1 Re8 27. Bh6 g6 28. Rad1 Qe7 29. Bg5 f6 30. Bxf6 Qf7 31. Nd5 Re6 32. Bc3 Be5 33. Rge1 Rae8 34. Rxe5 Nxe5 35. f4 Ng4 36. h3 Ne3 37. Nxe3 Rxe3 38. Qf2 Re2 39. Qf3 Qe6 40. h4 Qe4 41. Qxe4 fxe4 42. h5 Rf2 43. hxg6 hxg6 44. Rd6 e3 45. Rxg6+ Kf7 46. Rg7+ Ke6 47. Rxa7 Kf5 48. Rf7+ Kg4 49. Kg1 Kf3 50. Rg7 e2 0-1


[Site "https://www.chess.com"]

[Event "Titled Tuesday Blitz December 13 Early 2022"]
[White "Szyszylo, Rafal"]
[Black "Kriti Mayur Patel"]
[WhiteFideId "1109626"]
[BlackFideId "35061780"]
[WhiteElo "1981"]
[BlackElo "1306"]
[Result "1-0"]
[Round "05"]
[TimeControl "180+1"]
[Date "2022.12.14"]
[WhiteClock "0:00:23"]
[BlackClock "0:00:17"]

1. e4 e5 2. Nf3 Nc6 3. Bb5 a6 4. Ba4 Nf6 5. d3 b5 6. Bb3 Bc5 7. O-O O-O 8. a3 h6 9. Nc3 d6 10. Nd5 Bg4 11. c3 Rb8 12. h3 Bh5 13. Be3 Bb6 14. Bxb6 cxb6 15. Re1 a5 16. Re3 a4 17. Ba2 Ne7 18. Nxf6+ gxf6 19. g4 Bg6 20. Nh4 Kg7 21. Rg3 Rh8 22. Nf5+ Kf8 23. Qd2 h5 24. Nxe7 Kxe7 25. Re1 Qd7 26. d4 hxg4 27. hxg4 Rbg8 28. dxe5 fxe5 29. Kg2 Rh4 30. f3 Rgh8 31. Qg5+ Ke8 32. Re2 Rh2+ 33. Kf1 Rxe2 34. Kxe2 Rh2+ 35. Ke3 Rxb2 36. Rh3 Qe7 37. Rh8+ Kd7 38. Qxe7+ Kxe7 39. Bd5 f6 40. Rb8 Be8 41. Rb7+ Kf8 42. Rxb6 Ke7 43. Rb7+ Kf8 44. f4 Rb1 45. fxe5 dxe5 46. c4 Rb3+ 47. Kf2 Rxa3 48. cxb5 Ra1 49. Rb8 Ke7 50. b6 Rb1 51. b7 Rb2+ 52. Ke3 a3 53. Ra8 a2 54. Rxa2 Rb6 55. Ra7 Rb2 56. Ra8 Rb4 57. b8=Q Rxb8 58. Rxb8 Kd6 59. Rxe8 Kc5 60. Re6 Kb4 61. Rxf6 Kc3 62. Re6 Kb2 63. Rxe5 Kc1 64. Re6 Kb1 65. g5 Ka1 66. g6 Kb1 67. g7 Ka1 68. g8=Q Kb1 69. Qd8 Ka1 70. Re7 Kb1 71. Rc7 Ka1 72. Qa8+ Kb1 73. Qb8+ Ka1 74. Ra7# 1-0


[Site "https://www.chess.com"]

[Event "Titled Tuesday Blitz December 13 Early 2022"]
[White "Tan, Zhongyi"]
[Black "Bodnaruk, Anastasia"]
[WhiteFideId "8603642"]
[BlackFideId "4181751"]
[WhiteElo "2510"]
[BlackElo "2314"]
[Result "0-1"]
[Round "05"]
[TimeControl "180+1"]
[Date "2022.12.14"]
[WhiteClock "0:00:02"]
[BlackClock "0:00:04"]

1. e4 c5 2. Nf3 d6 3. d4 cxd4 4. Nxd4 Nf6 5. Nc3 a6 6. a3 e6 7. Be3 Be7 8. g4 b5 9. g5 Nfd7 10. h4 Bb7 11. Rg1 Nc6 12. h5 Nxd4 13. Qxd4 O-O 14. Be2 Rc8 15. O-O-O e5 16. Qd2 Rxc3 17. Qxc3 Bxe4 18. f4 Qa8 19. Bd3 Rc8 20. Qd2 Qd5 21. Bxe4 Qxe4 22. Kb1 b4 23. axb4 d5 24. g6 d4 25. gxf7+ Kxf7 26. Bf2 Bf6 27. fxe5 Nxe5 28. Rge1 Qf5 29. Bxd4 Nf3 30. Qf2 Nxd4 31. Qxf5 Nxf5 32. Rd3 g6 33. Ra3 Rc6 34. Rf1 Nd4 35. hxg6+ hxg6 36. c3 Nb5 37. Ra5 g5 38. Rc1 g4 39. c4 Nd4 40. Rd5 Ne2 41. Rf1 g3 42. b5 Re6 43. bxa6 Rxa6 44. Rd7+ Kg6 45. Re1 g2 46. Rd2 g1=Q 47. Rxg1+ Nxg1 48. Rg2+ Kf5 49. Rxg1 Rb6 50. Rg3 Rxb2+ 51. Kc1 Rb4 52. Kd2 Rxc4 53. Rf3+ Ke4 54. Re3+ Kf5 55. Rd3 Rh4 56. Ke2 Be5 57. Kf3 Rh3+ 58. Ke2 Rh2+ 59. Kf3 Rh4 60. Ke2 Ke4 61. Re3+ Kd5 62. Rf3 Bd4 63. Kd3 Rg4 64. Rf5+ Be5 65. Rf3 Ra4 66. Ke2 Bd4 67. Kd3 Ra3+ 68. Ke2 Ra6 69. Kd3 Ra3+ 70. Ke2 Ra7 71. Kd3 Be5 72. Ke2 Bd6 73. Rd3+ Kc6 74. Rc3+ Bc5 75. Kd3 Ra4 76. Rc4 Ra3+ 77. Ke4 Ra2 78. Kd3 Kd5 79. Rc3 Rf2 80. Rb3 Rf3+ 81. Kc2 Rf2+ 82. Kd3 Rg2 83. Kc3 Bd4+ 84. Kd3 Rg3+ 85. Kc2 Rg4 86. Kd3 Rg3+ 87. Kc2 Rg1 88. Kd3 Rd1+ 89. Kc2 Ra1 90. Kd3 Ra5 91. Kc2 Kc4 92. Rb8 Ra2+ 93. Kb1 Rf2 94. Rc8+ Bc5 95. Kc1 Kd4 96. Kd1 Bb4 97. Rd8+ Kc3 98. Rc8+ Kb3 99. Re8 Bc3 100. Rb8+ Kc4 101. Rc8+ Kd3 102. Ra8 Rf1# 0-1


[Site "https://www.chess.com"]

[Event "Titled Tuesday Blitz December 13 Early 2022"]
[White "Tarlabasi, Emirhan"]
[Black "Abasov, Nijat"]
[WhiteFideId "6350275"]
[BlackFideId "13402960"]
[WhiteElo "2622"]
[BlackElo "2983"]
[Result "0-1"]
[Round "05"]
[TimeControl "180+1"]
[Date "2022.12.14"]
[WhiteClock "0:00:03"]
[BlackClock "0:00:26"]

1. Nf3 c5 2. c4 Nc6 3. b3 Nf6 4. Bb2 e6 5. g3 b6 6. Bg2 Bb7 7. O-O Be7 8. Nc3 O-O 9. d4 cxd4 10. Nxd4 Rc8 11. Rc1 d6 12. Qd2 Qd7 13. Rfd1 Rfd8 14. h3 Nxd4 15. Qxd4 Bxg2 16. Kxg2 Qb7+ 17. f3 Bf8 18. e4 a6 19. Rc2 b5 20. cxb5 axb5 21. Rdc1 Ra8 22. h4 d5 23. exd5 Nxd5 24. Nxd5 Rxd5 25. Qe4 Rxa2 26. Ra1 Rxa1 27. Bxa1 Qd7 28. Qe3 Rd3 29. Qf4 f6 30. h5 h6 31. Rc3 Rd2+ 32. Kh3 Rd1 33. Bb2 Rh1+ 34. Kg2 Rxh5 35. Rc2 Rd5 36. Re2 Rd3 37. b4 e5 38. Qe4 Qd5 39. Qg4 Rd2 40. Kf2 Qd3 41. Qe6+ Kh8 42. Rxd2 Qxd2+ 43. Kg1 Qxb2 44. Qf7 Qxb4 0-1


[Site "https://www.chess.com"]

[Event "Titled Tuesday Blitz December 13 Early 2022"]
[White "Thiel, Thomas"]
[Black "Buscar, Michael"]
[WhiteFideId "4615964"]
[BlackFideId "2603616"]
[WhiteElo "2213"]
[BlackElo "2010"]
[Result "0-1"]
[Round "05"]
[TimeControl "180+1"]
[Date "2022.12.14"]
[WhiteClock "0:01:26"]
[BlackClock "0:01:05"]

1. e4 c5 2. Nc3 g6 3. d4 cxd4 4. Qxd4 Nf6 5. Be3 Nc6 6. Qd2 Bg7 7. f3 O-O 8. Nge2 d6 9. O-O-O Be6 10. Nf4 Na5 11. h4 Rc8 12. h5 Nc4 13. Bxc4 Bxc4 14. hxg6 fxg6 15. g4 Qa5 16. Kb1 Nd7 17. Qh2 Rxf4 18. Qxh7+ Kf8 19. Bxf4 Bxc3 20. bxc3 Qa3 21. Qh8+ Kf7 22. Bh6 Bxa2+ 0-1


[Site "https://www.chess.com"]

[Event "Titled Tuesday Blitz December 13 Early 2022"]
[White "Thorhallsson, Simon"]
[Black "Terzi, Alexei"]
[WhiteFideId "2310090"]
[BlackFideId "13505076"]
[WhiteElo "2108"]
[BlackElo "2172"]
[Result "1-0"]
[Round "05"]
[TimeControl "180+1"]
[Date "2022.12.14"]
[WhiteClock "0:00:35"]
[BlackClock "0:00:11"]

1. Nf3 c5 2. c4 g6 3. Nc3 Nf6 4. e3 Bg7 5. d4 cxd4 6. exd4 d5 7. cxd5 O-O 8. Bc4 Nbd7 9. d6 exd6 10. O-O Nb6 11. Bb3 d5 12. h3 Ne4 13. Re1 Nxc3 14. bxc3 h6 15. Bf4 Be6 16. Qd2 Kh7 17. h4 Rc8 18. h5 Bf5 19. hxg6+ fxg6 20. Be5 Be4 21. Bxg7 Kxg7 22. Ne5 Qh4 23. f3 Bf5 24. Re2 Qg5 25. Qxg5 hxg5 26. g4 Be6 27. Re3 Rf6 28. Rae1 Bg8 29. Kg2 Rc7 30. Kg3 Bf7 31. a4 a5 32. Bc2 Nc4 33. Nxc4 Rxc4 34. Rb1 b6 35. Bb3 Rc7 36. Rc1 Kf8 37. Re5 Rfc6 38. Bxd5 Bxd5 39. Rxd5 Rxc3 40. Rxc3 Rxc3 41. Rxg5 Kf7 42. Rb5 Rc6 43. d5 Rc4 44. Rxb6 Rxa4 45. Ra6 g5 46. d6 Ke6 47. Kf2 Ra3 48. Ke2 a4 49. Ra5 Kxd6 50. Rxg5 Rb3 51. Ra5 a3 52. Kf2 Ke6 53. Kg3 Kd6 54. g5 Kc6 55. Kg4 Kb6 56. Ra8 Kb7 57. Ra4 Kb6 58. f4 Kb5 59. Ra8 Rb4 60. g6 Ra4 61. Rb8+ Kc4 62. Rb1 a2 63. Ra1 Kc3 64. Kg5 Kb2 65. Rxa2+ Kxa2 66. g7 Ra8 67. f5 Kb3 68. f6 Kc4 69. f7 Kd5 70. f8=Q Rxf8 71. gxf8=Q Ke6 72. Qf5+ 1-0


[Site "https://www.chess.com"]

[Event "Titled Tuesday Blitz December 13 Early 2022"]
[White "Timofeev, Artyom"]
[Black "Fedoseev, Vladimir"]
[WhiteFideId "4140419"]
[BlackFideId "24130737"]
[WhiteElo "2586"]
[BlackElo "2733"]
[Result "1-0"]
[Round "05"]
[TimeControl "180+1"]
[Date "2022.12.13"]
[WhiteClock "0:00:49"]
[BlackClock "0:00:04"]

1. d4 Nf6 2. Nc3 d5 3. Bf4 g6 4. e3 Bg7 5. h4 h5 6. Nf3 Bg4 7. Be2 c6 8. Ne5 Bxe2 9. Qxe2 Nbd7 10. O-O-O Qa5 11. Kb1 b5 12. Nxc6 Qb6 13. Qxb5 e6 14. Qxb6 Nxb6 15. Ne5 a6 16. f3 O-O 17. Ne2 Rfc8 18. Nc1 a5 19. Ncd3 a4 20. a3 Nc4 21. Nxc4 dxc4 22. Nb4 c3 23. Be5 Nd7 24. Bxg7 Kxg7 25. Rd3 cxb2 26. Kxb2 Nb6 27. Rc3 Nc4+ 28. Ka2 Ra7 29. Rd1 Rac7 30. d5 exd5 31. Rxd5 Nb6 32. Rxc7 Rxc7 33. Rd3 Rc4 34. e4 Rc5 35. Kb1 f5 36. exf5 gxf5 37. Kc1 Re5 38. Rc3 Re7 39. Rc6 Na8 40. Kd2 Nc7 41. c4 Kf7 42. Nd5 Nxd5 43. cxd5 Re5 44. Rc5 Ke7 45. Ra5 Kd6 46. Rxa4 Rxd5+ 47. Ke3 Ke5 48. Rb4 Rc5 49. a4 Rc3+ 50. Kf2 Ra3 51. Rb5+ Kf6 52. a5 Ra4 53. g3 Ra2+ 54. Ke3 Ra3+ 55. Ke2 Ra2+ 56. Kd3 Ra3+ 57. Kc4 Rxf3 58. Rb3 Rf1 59. Ra3 f4 60. gxf4 Rxf4+ 61. Kd5 Rxh4 62. a6 Rg4 63. a7 Rg5+ 64. Ke4 Rg8 65. a8=Q Rxa8 66. Rxa8 Kg5 67. Rg8+ Kh4 68. Kf3 Kh3 69. Rg3+ Kh4 70. Rg1 Kh3 71. Rh1# 1-0


[Site "https://www.chess.com"]

[Event "Titled Tuesday Blitz December 13 Early 2022"]
[White "Tomaszewski, Kacper"]
[Black "Fromm, Marius"]
[WhiteFideId "1127373"]
[BlackFideId "12993190"]
[WhiteElo "2211"]
[BlackElo "2325"]
[Result "1-0"]
[Round "05"]
[TimeControl "180+1"]
[Date "2022.12.14"]
[WhiteClock "0:00:56"]
[BlackClock "0:00:03"]

1. Nf3 c5 2. d4 cxd4 3. c3 dxc3 4. Nxc3 Nf6 5. e4 d6 6. Bc4 Nc6 7. Qe2 Bg4 8. Be3 g6 9. e5 dxe5 10. Rd1 Qa5 11. Ng5 e6 12. f3 Bf5 13. g4 Nd4 14. Bxd4 exd4 15. Bb5+ Ke7 16. Rxd4 Bb1 17. O-O Bxa2 18. Nxa2 Qxa2 19. Rc1 Qa5 20. Qe5 Rd8 21. Rc7+ Nd7 22. Rcxd7+ Rxd7 23. Rxd7+ Ke8 24. Qb8+ 1-0


[Site "https://www.chess.com"]

[Event "Titled Tuesday Blitz December 13 Early 2022"]
[White "Torres Cueto, Jesus Marcial"]
[Black "Shtompel, Yuriy"]
[WhiteFideId "4415280"]
[BlackFideId "14168278"]
[WhiteElo "2022"]
[BlackElo "1844"]
[Result "1-0"]
[Round "05"]
[TimeControl "180+1"]
[Date "2022.12.14"]
[WhiteClock "0:00:23"]
[BlackClock "0:00:01"]

1. d4 Nf6 2. c4 e6 3. Nc3 d5 4. Bg5 Be7 5. e3 O-O 6. cxd5 exd5 7. Bd3 c6 8. Nge2 Re8 9. O-O h6 10. Bh4 Ne4 11. Bxe7 Qxe7 12. Bxe4 dxe4 13. d5 Bg4 14. h3 Bh5 15. Qb3 cxd5 16. Nxd5 Qg5 17. Nef4 Nc6 18. Qxb7 Ne5 19. Nxh5 Qxh5 20. Nf4 Qg5 21. Qxe4 Rab8 22. b3 Qf6 23. Rad1 a5 24. Nd5 Qg5 25. Qf4 Qg6 26. e4 a4 27. b4 a3 28. f3 f6 29. b5 1-0


[Site "https://www.chess.com"]

[Event "Titled Tuesday Blitz December 13 Early 2022"]
[White "Urazayev, Arystanbek"]
[Black "Khandelwal, Ankush"]
[WhiteFideId "13709810"]
[BlackFideId "413470"]
[WhiteElo "2463"]
[BlackElo "2271"]
[Result "0-1"]
[Round "05"]
[TimeControl "180+1"]
[Date "2022.12.14"]
[WhiteClock "0:01:44"]
[BlackClock "0:00:44"]

1. d4 Nf6 2. Nf3 g6 3. g3 Bg7 4. Bg2 O-O 5. O-O d6 6. Re1 Nc6 7. e4 e5 8. d5 Ne7 9. a4 a5 10. Nc3 Nh5 11. Nb5 f5 12. Ng5 f4 13. Ne6 Bxe6 14. dxe6 Kh8 15. Ra3 Nc6 16. Rc3 Qe7 17. Qd5 Nb4 18. Qb3 c6 19. Na3 Rae8 20. Nc4 fxg3 21. hxg3 Qxe6 22. Nxa5 Qxb3 23. Rxb3 Nxc2 24. Rd1 Nd4 25. Rxd4 exd4 26. Rxb7 d3 27. Bd2 Bd4 28. Nxc6 Bxf2+ 29. Kh2 Bxg3+ 30. Kh3 Be5 31. Nxe5 dxe5 32. a5 Rf2 33. a6 Rxd2 34. a7 Nf4+ 35. Kh4 Rxg2 0-1


[Site "https://www.chess.com"]

[Event "Titled Tuesday Blitz December 13 Early 2022"]
[White "Vega Gutierrez, Sabrina"]
[Black "Barria Zuniga, Daniel"]
[WhiteFideId "2219026"]
[BlackFideId "3400816"]
[WhiteElo "2261"]
[BlackElo "2414"]
[Result "0-1"]
[Round "05"]
[TimeControl "180+1"]
[Date "2022.12.14"]
[WhiteClock "0:00:03"]
[BlackClock "0:00:21"]

1. e4 c5 2. Nf3 Nc6 3. d4 cxd4 4. Nxd4 e6 5. Nc3 a6 6. Be2 Na5 7. O-O b5 8. Re1 Bb7 9. a4 b4 10. Nd5 Bc5 11. Bf4 Rc8 12. Nf5 exf5 13. exf5 Kf8 14. Bf3 Nf6 15. Bg5 Bxd5 16. Bxd5 Qb6 17. Be3 Re8 18. Bxc5+ Qxc5 19. Rxe8+ Kxe8 20. Bf3 Nc6 21. Qd3 a5 22. Rd1 Kd8 23. Qa6 Kc7 24. Bxc6 dxc6 25. c3 Rd8 26. Re1 Rd2 0-1


[Site "https://www.chess.com"]

[Event "Titled Tuesday Blitz December 13 Early 2022"]
[White "Vidit, Santosh Gujrathi"]
[Black "Wagner, Dennis"]
[WhiteFideId "5029465"]
[BlackFideId "24650684"]
[WhiteElo "2669"]
[BlackElo "2470"]
[Result "1-0"]
[Round "05"]
[TimeControl "180+1"]
[Date "2022.12.13"]
[WhiteClock "0:00:09"]
[BlackClock "0:00:11"]

1. e4 c5 2. Nf3 d6 3. d4 cxd4 4. Nxd4 Nf6 5. Nc3 a6 6. Be3 Ng4 7. Bc1 Nf6 8. f3 e5 9. Nb3 Be6 10. Be3 Be7 11. Qd2 O-O 12. O-O-O Nbd7 13. g4 b5 14. g5 Nh5 15. a3 Nb6 16. Na5 Rc8 17. Kb1 g6 18. h4 Ng3 19. Rh2 Nxf1 20. Rxf1 Na4 21. Nxa4 bxa4 22. h5 d5 23. exd5 Qxd5 24. Qxd5 Bxd5 25. Rd2 Rfd8 26. h6 f6 27. gxf6 Bxf6 28. Kc1 Kf7 29. f4 Ke6 30. fxe5 Bxe5 31. Re2 Re8 32. Bf4 Kd6 33. Bxe5+ Rxe5 34. Rf6+ Re6 35. Nb7+ Ke7 36. Rfxe6+ Bxe6 37. Re5 Rc7 38. Nc5 Rc6 39. Nxe6 Rxe6 40. Ra5 Kf6 41. Kd2 g5 42. Rxa4 Kf5 43. Rc4 g4 44. Rc7 g3 45. Rg7 Rg6 46. Rxg6 Kxg6 47. Ke2 Kxh6 48. Kf3 Kg5 49. Kxg3 Kf5 50. b4 Ke4 51. c4 Kd4 52. c5 Kd5 53. Kg4 Kc6 54. Kg5 a5 55. Kh6 Kb5 56. Kxh7 Ka4 57. c6 Kxa3 58. bxa5 Kb4 59. c7 Kb5 60. c8=Q 1-0


[Site "https://www.chess.com"]

[Event "Titled Tuesday Blitz December 13 Early 2022"]
[White "Vifleemskaia, Svetlana"]
[Black "Baruch, Liam"]
[WhiteFideId "4129490"]
[BlackFideId "14322064"]
[WhiteElo "1930"]
[BlackElo "1940"]
[Result "1/2-1/2"]
[Round "05"]
[TimeControl "180+1"]
[Date "2022.12.14"]
[WhiteClock "0:00:04"]
[BlackClock "0:00:06"]

1. d4 d5 2. c4 e6 3. Nc3 Nf6 4. cxd5 exd5 5. Bg5 Be7 6. e3 O-O 7. Bd3 c6 8. Nge2 Nbd7 9. O-O Re8 10. f3 Nf8 11. Bh4 Ng6 12. Bf2 a5 13. Kh1 Bd6 14. Bg1 Qc7 15. e4 dxe4 16. fxe4 Ng4 17. e5 Be7 18. Ng3 Bg5 19. Qf3 Nh4 20. Qe4 g6 21. h3 f5 22. Qe2 Nh6 23. Rad1 Be6 24. Bc4 Rad8 25. Bxe6+ Rxe6 26. Qc4 Qd7 27. d5 Rxe5 28. dxc6+ Qf7 29. Rxd8+ Bxd8 30. Qxf7+ Nxf7 31. cxb7 Bc7 32. Bh2 Re8 33. Nd5 Be5 34. Ne2 Kg7 35. Nec3 Bxh2 36. Kxh2 Rb8 37. g3 Rxb7 38. gxh4 Rxb2+ 39. Kg3 Ne5 40. Rf2 Rxf2 41. Kxf2 Kf7 42. Ke3 Nc4+ 43. Kd4 Nd6 44. Kc5 Ke6 45. Nc7+ Ke5 46. N7b5 Ne4+ 47. Nxe4 fxe4 48. Kc4 Kf4 49. Kd4 Kf3 50. Nc3 e3 51. Kd3 Kg3 52. Kxe3 Kxh3 53. Ne4 Kxh4 54. Nf6 g5 55. Kf3 h5 56. a4 g4+ 57. Kg2 Kg5 58. Ne4+ Kf4 59. Nf6 Kg5 60. Ne4+ Kg6 61. Nd6 h4 62. Ne4 Kf5 63. Nd6+ Kf4 64. Nc4 h3+ 65. Kh2 Kg5 66. Ne3 Kh4 67. Nf5+ Kg5 68. Ng3 Kh4 69. Nf5+ Kg5 70. Ng3 Kf4 71. Nh5+ Kf3 72. Ng3 Kf4 73. Nh5+ Kg5 74. Ng3 1/2-1/2


[Site "https://www.chess.com"]

[Event "Titled Tuesday Blitz December 13 Early 2022"]
[White "Vlassov, Nikolai"]
[Black "Boros, Denes"]
[WhiteFideId "4103360"]
[BlackFideId "722340"]
[WhiteElo "2598"]
[BlackElo "2805"]
[Result "0-1"]
[Round "05"]
[TimeControl "180+1"]
[Date "2022.12.14"]
[WhiteClock "0:00:05"]
[BlackClock "0:01:08"]

1. e4 d6 2. f4 d5 3. exd5 Qxd5 4. Nc3 Qd6 5. d4 Nf6 6. Nf3 g6 7. Bc4 Bg7 8. O-O O-O 9. Ne5 a6 10. Be3 b5 11. Qf3 Ra7 12. Bb3 Bb7 13. Qh3 Ra8 14. Rad1 e6 15. a4 b4 16. Ne2 Nc6 17. Qh4 Ne7 18. g4 Nfd5 19. Bc1 c5 20. Ng3 cxd4 21. Ne4 Qb6 22. Nd7 Qc6 23. Nxf8 Ne3 24. Kf2 Qxe4 0-1


[Site "https://www.chess.com"]

[Event "Titled Tuesday Blitz December 13 Early 2022"]
[White "Weetik, Vjacheslav"]
[Black "D`Arruda, Ricardo D."]
[WhiteFideId "4153472"]
[BlackFideId "100692"]
[WhiteElo "2469"]
[BlackElo "2444"]
[Result "1-0"]
[Round "05"]
[TimeControl "180+1"]
[Date "2022.12.14"]
[WhiteClock "0:01:32"]
[BlackClock "0:00:47"]

1. d4 d6 2. e4 Nf6 3. Nc3 g6 4. g3 Bg7 5. Bg2 O-O 6. Nge2 Nbd7 7. h3 e5 8. Be3 exd4 9. Nxd4 Re8 10. O-O Nc5 11. f3 d5 12. Ndb5 Qe7 13. Nxd5 Nxd5 14. Qxd5 Ne6 15. Nc3 Qb4 16. Qb3 Qxb3 17. axb3 Nd4 18. Rac1 c6 19. Rfd1 Ne6 20. f4 Bf8 21. e5 Nc5 22. b4 Na6 23. b5 cxb5 24. Nxb5 Bc5 25. Bxc5 Nxc5 26. Nc7 1-0


[Site "https://www.chess.com"]

[Event "Titled Tuesday Blitz December 13 Early 2022"]
[White "Winkels, Marcel"]
[Black "Torres Boch, Jose Francisco"]
[WhiteFideId "1003887"]
[BlackFideId "2278383"]
[WhiteElo "1900"]
[BlackElo "2073"]
[Result "0-1"]
[Round "05"]
[TimeControl "180+1"]
[Date "2022.12.14"]
[WhiteClock "0:00:02"]
[BlackClock "0:00:31"]

1. e4 c5 2. Nf3 d6 3. d4 cxd4 4. Nxd4 Nf6 5. Nc3 a6 6. Bc4 e6 7. Bb3 Be7 8. O-O O-O 9. Be3 b5 10. a4 b4 11. Na2 a5 12. f3 Ba6 13. Rf2 Nbd7 14. c3 d5 15. Nc6 Qe8 16. cxb4 dxe4 17. b5 Bb7 18. Nxe7+ Qxe7 19. Rc1 exf3 20. gxf3 Ne5 21. Bc5 Qd8 22. Bxf8 Qxf8 23. Qe2 Ng6 24. Kh1 Ng4 25. Rg2 N4e5 26. Rf2 Rd8 27. Rd1 h5 28. Nc3 Rxd1+ 29. Bxd1 Qb4 30. Qd2 Nh4 31. Ne4 Nhxf3 32. Qxb4 axb4 33. Nd6 Bd5 34. b6 Ng5+ 35. Kg1 Nh3+ 36. Kf1 Nxf2 37. Kxf2 Nd3+ 38. Ke3 Nxb2 39. Bf3 Nxa4 40. Bxd5 Nxb6 41. Bb3 Kf8 42. Kd4 Ke7 43. Kc5 Nd7+ 44. Kc6 Ne5+ 45. Kc5 Nd3+ 46. Kd4 Kxd6 47. Kxd3 Kc5 48. Bd1 g6 49. Bf3 f5 50. Bb7 e5 51. Bc8 e4+ 52. Ke3 b3 53. Be6 b2 54. Ba2 g5 55. Kd2 Kd4 56. Kc2 e3 57. Kd1 f4 58. Bb1 f3 59. Ke1 Ke5 60. Kf1 Kf4 61. Kg1 g4 62. Kf1 h4 63. Kg1 g3 64. hxg3+ hxg3 65. Kf1 e2+ 66. Ke1 Ke3 67. Be4 f2# 0-1


[Site "https://www.chess.com"]

[Event "Titled Tuesday Blitz December 13 Early 2022"]
[White "Winterberg, Lukas"]
[Black "Rohith Krishna S"]
[WhiteFideId "24622702"]
[BlackFideId "46617051"]
[WhiteElo "2350"]
[BlackElo "2270"]
[Result "1-0"]
[Round "05"]
[TimeControl "180+1"]
[Date "2022.12.14"]
[WhiteClock "0:00:11"]
[BlackClock "0:00:15"]

1. d4 Nf6 2. Bf4 d6 3. Nf3 g6 4. e3 Bg7 5. h3 O-O 6. Be2 Nc6 7. O-O Re8 8. Bh2 Bd7 9. Nbd2 e5 10. c3 e4 11. Ne1 Ne7 12. a4 d5 13. c4 c6 14. b4 Nf5 15. b5 h5 16. Nb3 Nh7 17. Nc5 Bc8 18. bxc6 bxc6 19. cxd5 cxd5 20. Bb5 Re6 21. Nxe6 Bxe6 22. Rc1 Qh4 23. Qe2 Ng5 24. f4 exf3 25. Nxf3 Nxf3+ 26. Qxf3 Bh6 27. Bf4 Bf8 28. Kh2 Qe7 29. Rc7 Qa3 30. g4 hxg4 31. hxg4 Nd6 32. Be5 Bg7 33. Bxg7 Kxg7 34. Bd7 Rh8+ 35. Kg1 Qb2 36. Qf2 Qb8 37. Qf6+ Kg8 38. Bxe6 Qxc7 39. Bxd5 Rh7 40. Qe5 Qc2 41. Qxd6 Qe2 42. Qg3 g5 43. Bg2 Rh4 44. Qf3 Qxf3 45. Bxf3 Rh6 46. d5 Ra6 47. Bd1 Ra5 48. e4 Rc5 49. Kf2 Rc3 50. Re1 Kf8 51. e5 Ke7 52. d6+ Kd7 53. Be2 a6 54. Bxa6 Ke6 55. Bb5 Rc2+ 56. Re2 Rc3 57. d7 Rh3 58. d8=Q Rh2+ 59. Ke1 Rxe2+ 60. Kxe2 1-0


[Site "https://www.chess.com"]